 Dungeon Crawl Stone Soup version 0.32-a0-918-g0f22ef8d61 (webtiles) character file.

Game seed: 11739856715270279441

367514 RBrandon the Earth Mage (level 21, -4/185 HPs)
             Began as a Mountain Dwarf Earth Elementalist on Apr 9, 2024.
             Was the Champion of Beogh.
             Shot with an arrow by a deep elf master archer (29 damage)
             ... on level 2 of the Elven Halls on Apr 10, 2024.
             The game lasted 02:04:13 (44033 turns).

RBrandon the Earth Mage (MDEE)                     Turns: 44033, Time: 02:04:14

Health: -4/185     AC: 35    Str: 17    XL:     21   Next: 62%
Magic:  2/36       EV:  9    Int: 26    God:    Beogh [******]
Gold:   407        SH:  0    Dex: 10    Spells: 0/42 levels left

rFire   + . .        I - staff of cold
rCold   + + +        W - orb {*channel}
rNeg    + . .        O - +8 chain mail of Mirth {rPois Int+2}
rPois   +            p - +2 helmet of the Sky {rF+ rN+}
rElec   +            v - +2 cloak of Resilience {Will+ Str+3 Slay+3}
rCorr   +            A - +2 pair of gloves of the True Pharaoh {rElec rCorr}
SInv    .            w - +2 pair of boots of the Game of Kings {Rampage rF++ Will- rCorr Stlth+}
Will    ++...        a - amulet of regeneration Stlth
                     U - ring of ice
HPRegen 1.30/turn    z - ring of ice
MPRegen 0.25/turn

%: rampage, channel magic (20%)
@: slowed, studying Stealth, very slow
A: walk on water, runic magic, artefact enchanting
}: 2/15 runes: serpentine, barnacled
a: Renounce Religion, Smiting, Recall Apostles, Blood for Blood, Dismiss Oreg,
warrior, Dismiss Boldo, wizard, Dismiss Murdo, wizard


You were on level 2 of the Elven Halls.
You worshipped Beogh.
Beogh was exalted by your worship.
You visited 7 branches of the dungeon, and saw 36 of its levels.
You also visited: Sewer and Volcano.

You collected 3852 gold pieces.
You spent 3445 gold pieces at shops.

Inventory:

Hand Weapons
 L - the +9 hand axe "Bynn" {flame, rElec rC+ SInv}
   (You found it on level 7 of the Dungeon)

   rC+:       It protects you from cold.
   rElec:     It insulates you from electricity.
   SInv:      It lets you see invisible.
Missiles
 u - 7 throwing nets
Armour
 p - the +2 helmet of the Sky (worn) {rF+ rN+}
   (You bought it in a shop on level 3 of the Vaults)

   rF+:       It protects you from fire.
   rN+:       It protects you from negative energy.
 v - the +2 cloak of Resilience (worn) {Will+ Str+3 Slay+3}
   (You found it on level 4 of the Dungeon)

   Str+3:     It affects your strength (+3).
   Slay+3:    It affects your accuracy & damage with ranged weapons and melee
   (+3).
   Will+:     It increases your willpower.
 w - the +2 pair of boots of the Game of Kings (worn) {Rampage rF++ Will- rCorr Stlth+}
   (You found it on level 3 of the Lair of Beasts)

   rF++:      It greatly protects you from fire.
   Will-:     It decreases your willpower.
   rCorr:     It protects you from acid and corrosion.
   Rampage:   It bestows one free step when moving towards enemies.
   Stlth+:    It makes you more stealthy.
 A - the +2 pair of gloves of the True Pharaoh (worn) {rElec rCorr}
   (You acquired it on level 4 of the Vaults)

   rElec:     It insulates you from electricity.
   rCorr:     It protects you from acid and corrosion.
 O - the +8 chain mail of Mirth (worn) {rPois Int+2}
   (You found it on level 8 of the Dungeon)

   Int+2:     It affects your intelligence (+2).
   rPois:     It protects you from poison.
 W - an orb of energy (worn)
   (You took it off Jeremiah on level 9 of the Dungeon)
Magical Staves
 I - a staff of cold (weapon)
Jewellery
 a - an amulet of regeneration (around neck)
 d - a +5 ring of evasion
 i - a +6 ring of intelligence
 z - a ring of ice (right hand)
 U - a ring of ice (left hand)
Wands
 B - a wand of mindburst (34)
 D - a wand of charming (19)
 G - a wand of acid (26)
 J - a wand of warping (46)
 M - a wand of polymorph (25)
 Y - a wand of digging (5)
Scrolls
 h - a scroll of fear
 k - 9 scrolls of amnesia
 m - 5 scrolls of vulnerability
 n - 5 scrolls of immolation
 s - 8 scrolls of noise
 t - 6 scrolls of revelation
 y - 7 scrolls of fog
 K - 4 scrolls of blinking
 Q - 13 scrolls of teleportation
 R - 5 scrolls of enchant weapon
Potions
 b - 4 potions of magic
 f - 2 potions of cancellation
 g - a potion of heal wounds
 j - 9 potions of enlightenment
 l - 7 potions of lignification
 q - 2 potions of invisibility
 x - 10 potions of might
 C - 4 potions of mutation
 E - 11 potions of curing
 F - a potion of attraction
 N - 2 potions of brilliance
 P - 4 potions of haste
 S - 2 potions of resistance
 Z - 2 potions of berserk rage
Miscellaneous
 c - a box of beasts
 e - a tin of tremorstones (2/2)
 o - a phial of floods
 T - a phantom mirror
 V - a lightning rod (4/4)


   Skills:
 - Level 15.6 Fighting
 + Level 11.7 Staves
 - Level 13.3 Armour
 - Level 7.4 Dodging
 - Level 1.4 Stealth
 - Level 11.0 Spellcasting
 - Level 5.9 Conjurations
 - Level 7.3 Hexes
 - Level 13.8 Ice Magic
 - Level 17.6 Earth Magic
 - Level 11.3 Alchemy
 - Level 10.5 Invocations
 - Level 16.1 Evocations


You couldn't memorise any spells.
You knew the following spells:

 Your Spells              Type           Power      Damage    Failure   Level
a - Sandblast             Erth           100%       2d20      1%          1
b - Passwall              Erth           82%        N/A       1%          3
c - Stone Arrow           Conj/Erth      100%       3d13      1%          3
d - Brom's Barrelling Bo  Conj/Erth      66%        2d8       3%          4
e - Petrify               Alch/Erth      74%        N/A       2%          4
f - Permafrost Eruption   Ice/Erth       72%        2x4d16    7%          6
g - Lee's Rapid Deconstr  Erth           41%        3d20*     1%          5
h - Metabolic Englaciati  Hex/Ice        62%        N/A       9%          5
i - Sculpt Simulacrum     Ice/Alch       66%        N/A       17%         6
j - Yara's Violent Unrav  Hex/Alch       29%        3d12      12%         5

Your spell library contained the following spells:

 Spells                   Type           Power      Damage    Failure   Level
 Ensorcelled Hibernation  Hex/Ice        100%       N/A       1%          2
 Ozocubu's Armour         Ice            100%       N/A       1%          3
 Leda's Liquefaction      Alch/Erth      37%        N/A       2%          4
 Magic Dart               Conj           100%       1d8       3%          1
 Tukima's Dance           Hex            51%        N/A       4%          3
 Summon Ice Beast         Ice/Summ       100%       N/A       5%          3
 Foxfire                  Conj/Fire      100%       2x1d9     8%          1
 Cause Fear               Hex            25%        N/A       11%         4
 Necrotise                Necr           56%        1d6       17%         1
 Summon Small Mammal      Summ           56%        N/A       17%         1
 Bombard                  Conj/Erth      33%        9d6       21%         6
 Blink                    Tloc           28%        N/A       24%         2
 Call Imp                 Summ           28%        N/A       24%         2
 Anguish                  Hex/Necr       16%        N/A       32%         4
 Dimensional Bullseye     Hex/Tloc       16%        N/A       32%         4
 Iskenderun's Battlesphe  Conj           45%        2d10      34%         5
 Call Canine Familiar     Summ           14%        N/A       38%         3
 Fugue of the Fallen      Necr           14%        N/A       38%         3
 Vampiric Draining        Necr           14%        2d7       38%         3
 Iskenderun's Mystic Bla Conj/Tloc 29%            2d7        (+2d3     38%         4
 Summon Mana Viper        Hex/Summ       33%        N/A       58%         5
 Arcjolt                  Conj/Air       14%        1d24      69%         5
 Fireball                 Conj/Fire      14%        3d8       69%         5
 Martyr's Knell           Necr/Summ      14%        N/A       75%         4
 Passage of Golubria      Tloc           14%        N/A       75%         4
 Summon Blazeheart Golem  Fire/Summ      14%        N/A       75%         4
 Summon Lightning Spire   Summ/Air       14%        N/A       75%         4
 Vhi's Electric Charge    Tloc/Air       28%        N/A       75%         4
 Curse of Agony           Necr           14%        N/A       96%         5
 Starburst                Conj/Fire      14%        6d6       99%         6
 Enfeeble                 Hex            25%        N/A       99%         7
 Plasma Beam              Fire/Air       7%         2x1d17    100%        6
 Monstrous Menagerie      Summ           7%         N/A       100%        7
 Spellforged Servitor     Conj/Summ      14%        N/A       100%        7
 Dragon's Call            Summ           7%         N/A       100%        9


Dungeon Overview and Level Annotations

Branches:
Dungeon (15/15)            Temple (0/1) D:7            Lair (5/5) D:8
 Shoals (4/4) Lair:2        Snake (4/4) Lair:3        Slime (0/5) Lair:5
    Orc (2/2) D:11            Elf (2/3) Orc:2        Vaults (4/5) D:13
  Crypt (0/3) Vaults:3     Depths (0/4) D:15          Sewer (visited)
Volcano (visited)

Altars:
Cheibriados
Fedhas
Gozag
Hepliaklqana
Kikubaaqudgha
Nemelex Xobeh
Ru
Trog
Uskayaw
Wu Jian
Xom
The Shining One
Beogh
Jiyva

Shops:
D:3 =   Orc:2 :(*(*   Elf:1 =   Shoals:1 :   Shoals:3 (   Vaults:2 *
Vaults:3 [   Vaults:4 *

Annotations:
D:1 exclusion: kobold
D:4 Sigmund
D:5 3 runed translucent doors, Heh's ghost, novice CoHW
Lair:1 1 runed translucent door, Ruheem's ghost, journeyman TrFi
Shoals:3 1 runed translucent door, SkateWitch's ghost, adept MDMo


Innate Abilities, Weirdness & Mutations

You can walk on water.
Your facial features are unmistakably orcish.
Your spellcasting is much less encumbered by armour.
You can use scrolls of enchantment on lesser artefacts.


Message History

The arrow hits you.
* * * LOW HITPOINT WARNING * * *
Items here: )) [ †.
Oreg blocks the deep elf pyromancer's attack.
The deep elf master archer shoots an arrow.
The arrow hits you!
* * * LOW HITPOINT WARNING * * *
The deep elf archer shoots an arrow.
The arrow hits you!!
* * * LOW HITPOINT WARNING * * *
The deep elf master archer shoots an arrow.
The arrow hits you!!
* * * LOW HITPOINT WARNING * * *
Things that are here:
a +0 long sword; a +0 buckler; an elf corpse
Okay, then.
You feel much better.
The deep elf pyromancer mumbles some strange words.
The deep elf pyromancer blinks!
A deep elf archer comes into view. It is wielding a +0 shortbow.
The deep elf master archer shoots an arrow.
The arrow hits you but does no damage.
The deep elf archer shoots an arrow.
The arrow barely misses you.
The deep elf master archer shoots an arrow.
The arrow hits you!!
* * * LOW HITPOINT WARNING * * *
Murdo casts a spell at the deep elf archer.
The deep elf archer easily resists.
As you read the scroll of fog, it dissolves into smoke.
The deep elf archer shoots an arrow.
The arrow hits Oreg!
The deep elf master archer shoots an arrow.
The arrow closely misses you.
The deep elf archer casts a spell at you.
You feel yourself slow down.
Boldo hits the deep elf archer with the +9 dagger of Anxiety!
Space warps around the deep elf archer.
Oreg hits the deep elf pyromancer with a +2 long sword of pain.
The deep elf pyromancer writhes in agony!
The deep elf master archer shoots an arrow.
The arrow hits you!!
You die...

# # #. .#... #.#
#..... #..## #..#.#
#.#.###.#.#.##
#.......).#...
##..)..)..##...
#.....§§§...#
#.....§@§...# #
#.....*§§oe.#
#.####...........#
#..........oo..e...e
#...<....)...e...###
#.###............#
#.###.##.......###
#.....####...###
#.##### ###.#


You could see a deep elf master archer, 2 deep elf archers, a deep elf
pyromancer (ally target), the friendly Boldo the orc apostle (slow), the
friendly Murdo the orc apostle, the friendly Oreg the orc apostle (slow) and a
friendly battlesphere.

Vanquished Creatures
  Mara (Snake:3)
  Bai Suzhen (Vaults:2)
  Zenata (Vaults:1)
  A kraken (Shoals:4)
  Asterion (Vaults:1)
  A deep elf blademaster (Elf:1)
  Frances (Snake:1)
  A tengu reaver (Vaults:2)
  A storm dragon (Vaults:3)
  5 nagarajas
  Roxanne (Elf:1)
  A frost giant (Shoals:4)
  5 vault wardens
  An orc warlord (Vaults:3)
  A formless jellyfish (Vaults:4)
  8 ironbound preservers
  A stone giant (Vaults:2)
  A deep elf death mage (Elf:1)
  A deep elf annihilator (D:13)
  2 ironbound thunderhulks (Vaults:4)
  The ghost of Orlauf the Party-goer, a journeyman DsGl of Uskayaw (Lair:3)
  8 dire elephants
  2 war gargoyles
  An ettin (Elf:1)
  A crystal guardian (Vaults:4)
  3 merfolk javelineers (Shoals:4)
  3 merfolk impalers (Shoals:4)
  2 great orbs of eyes
  7 yaktaur captains
  2 peacekeepers (Vaults:4)
  4 ironbound frosthearts
  6 salamander tyrants
  An ice dragon (D:12)
  A hydra (Lair:5)
  6 centaur warriors
  2 ogre magi
  12 anacondas
  An alligator snapping turtle (Shoals:4)
  A dancing weapon (Elf:1)
  11 two-headed ogres
  2 satyrs
  3 merfolk avatars
  19 naga sharpshooters
  An orc high priest (Shoals:1)
  Urug (Lair:5)
  A hell knight (Volcano)
  5 naga warriors
  8 deep elf knights
  8 shock serpents
  4 skeletal warriors
  2 skysharks
  8 sea snakes
  A sea snake (shapeshifter) (D:11)
  18 mana vipers
  6 deep elf archers
  9 salamander mystics
  6 arcanists
  21 deep trolls
  8 naga ritualists
  Pikel (D:6)
  8 harpies
  11 deep elf zephyrmancers
  2 phantasmal warriors
  8 lindwurms
  An orc knight (Snake:3)
  11 ironbound convokers
  A thermic dynamo (Elf:2)
  11 deep elf pyromancers
  12 ugly things
  7 manticores
  2 oklob plants
  An orc sorcerer (D:11)
  3 cyclopes
  9 fauns
  25 salamanders
  9 guardian serpents
  4 elephants
  A water nymph (Shoals:4)
  A kobold blastminer (Orc:2)
  2 merfolk sirens
  27 black mambas
  7 cane toads
  7 naga magi
  3 vault sentinels
  A torpor snail (Lair:1)
  4 unseen horrors
  An efreet (D:15)
  2 rime drakes
  26 yaktaurs
  3 komodo dragons
  A red devil (Vaults:1)
  A hellwing (Snake:3)
  11 trolls
  8 merfolk
  5 hornets
  5 polar bears (Lair:5)
  4 wind drakes
  2 blink frogs (Lair:5)
  2 snapping turtles
  4 dream sheep
  26 slime creatures
  6 spriggans (Lair:5)
  2 wyverns
  5 water elementals (Shoals:2)
  A wraith (D:9)
  A shadow (D:10)
  3 basilisks
  18 yaks
  A warg (Orc:2)
  6 vampire mosquitoes (D:13)
  Menkaure (D:4)
  22 nagas
  Edmund (D:5)
  An acid dragon (D:11)
  15 water moccasins
  2 hell hounds (Orc:2)
  A swamp drake (Lair:4)
  An ice beast (shapeshifter) (D:15)
  An ice beast (D:5)
  A sky beast (D:7)
  2 black bears
  6 orc warriors
  A laughing skull (D:14)
  15 wolves
  7 boggarts
  10 centaurs
  A crocodile (Sewer)
  17 ogres
  A lemure (D:6)
  Blork the orc (D:5)
  3 kobold brigands
  A gnoll sergeant (D:5)
  2 bullfrogs (Lair:4)
  2 scorpions
  5 wights
  2 killer bees (D:8)
  4 electric eels
  A bombardier beetle (D:5)
  2 howler monkeys
  A lava snake (Lair:5)
  3 hounds
  6 orc priests
  4 iguanas
  2 sleepcaps
  Ijyb (D:5)
  11 orc wizards
  Natasha (thrice) (D:4)
  Robin (D:2)
  10 gnolls
  14 adders
  4 ufetubi (D:6)
  A dart slug (D:2)
  A ribbon worm (Sewer)
  21 orcs
  14 endoplasms
  3 giant cockroaches (D:2)
  7 goblins
  7 hobgoblins
  3 jackals (D:1)
  34 kobolds
  2 quokkas
  11 ball pythons
  9 bats
  3 frilled lizards
  14 rats
884 creatures vanquished.

Vanquished Creatures (collateral kills)
  Rupert (Lair:3)
  A sphinx (Vaults:3)
  An ancient champion (Vaults:3)
  Aizul (Snake:4)
  Donald (Shoals:3)
  A nagaraja (Snake:3)
  2 vault wardens
  A deep elf elementalist (Elf:1)
  An orc warlord (Vaults:1)
  A formless jellyfish (Shoals:4)
  An ironbound thunderhulk (Vaults:3)
  4 ironbound preservers
  A deep elf death mage (Vaults:1)
  4 dire elephants
  A crystal guardian (Vaults:3)
  A great orb of eyes (Vaults:1)
  A rakshasa (D:15)
  A merfolk impaler (Shoals:3)
  A peacekeeper (Vaults:3)
  2 hydras
  Harold (D:11)
  2 merfolk avatars
  An ironbound frostheart (Vaults:3)
  4 centaur warriors
  2 death knights
  4 two-headed ogres
  A dancing weapon (Elf:1)
  3 ogre magi
  2 boulder beetles
  A merfolk aquamancer (Shoals:3)
  3 satyrs
  2 naga warriors
  A naga sharpshooter (Snake:3)
  A deep troll earth mage (D:15)
  6 skeletal warriors
  6 deep elf knights
  A salamander mystic (Snake:4)
  2 skysharks (Shoals:3)
  2 deep elf archers (Elf:2)
  2 mana vipers (Snake:1)
  9 deep trolls
  6 sea snakes
  A thermic dynamo (Elf:2)
  A naga ritualist (Snake:1)
  2 ironbound convokers
  A harpy (shapeshifter) (D:11)
  6 harpies
  4 orc knights
  4 lindwurms
  7 deep elf zephyrmancers
  An obsidian bat (Orc:2)
  6 deep elf pyromancers
  An ugly thing (Vaults:4)
  2 salamanders
  An orc sorcerer (D:14)
  2 oklob plants
  8 fauns
  6 cyclopes
  5 manticores
  A meliai (shapeshifter) (D:11)
  12 black mambas
  A guardian serpent (Snake:3)
  11 elephants
  4 merfolk sirens
  Joseph (D:9)
  A moth of wrath (Lair:3)
  2 torpor snails
  4 vault sentinels
  3 naga magi
  An orange demon (Vaults:1)
  9 cane toads
  A gargoyle (D:11)
  Jeremiah (D:9)
  A rime drake (Lair:4)
  4 komodo dragons
  A freezing wraith (D:15)
  A kobold demonologist (D:11)
  A tengu conjurer (D:15)
  14 yaktaurs
  A queen bee (shapeshifter) (D:8)
  4 polar bears
  6 trolls
  2 hornets (Lair:5)
  10 merfolk
  A hellwing (Snake:3)
  3 wind drakes
  2 snapping turtles
  12 blink frogs
  4 dream sheep
  12 slime creatures
  2 wraiths
  5 water elementals
  2 shadows
  A centaur simulacrum (D:15)
  2 basilisks
  8 spriggans (Lair:5)
  6 wyverns
  32 yaks
  A golden eye (shapeshifter) (D:14)
  7 nagas
  23 water moccasins
  3 black bears
  3 orc warriors
  A laughing skull (D:14)
  8 ogres
  7 wolves (Lair:5)
  7 centaurs
  3 boggarts
  2 lemures (D:6)
  3 kobold brigands
  5 bullfrogs
  2 gnoll sergeants
  6 wights (D:8)
  5 killer bees
  4 howler monkeys
  2 electric eels
  A hound (D:7)
  2 orc priests
  An orc wizard (Orc:1)
  5 gnolls
  13 adders (Lair:4)
  2 white imps
  2 orcs
  5 kobolds
  A butterfly (Lair:1)
  2 tentacles (Shoals:4)
463 creatures vanquished.

Vanquished Creatures (others)
  An ogre mage (D:11)
  16 orc apostles
  A boggart (D:15)
  2 orc priests (Orc:2)
  An orc wizard (Orc:2)
  17 orcs
  4 tentacles (Shoals:4)
42 creatures vanquished.

Grand Total: 1389 creatures vanquished

Notes
Turn   | Place    | Note
-------+----------+-------------------------------------------
     0 | D:1      | RBrandon the Mountain Dwarf Earth Elementalist began the
                  | quest for the Orb.
     0 | D:1      | Reached XP level 1. HP: 14/14 MP: 3/3
   294 | D:1      | Reached XP level 2. HP: 5/20 MP: 1/5
   773 | D:1      | Reached XP level 3. HP: 25/26 MP: 4/6
   958 | D:1      | Reached skill level 4 in Earth Magic
  1259 | D:2      | Learned a level 3 spell: Passwall
  1263 | D:2      | Learned a level 3 spell: Stone Arrow
  1694 | D:2      | Reached XP level 4. HP: 33/33 MP: 5/7
  1699 | D:2      | Noticed Robin
  1732 | D:2      | Killed Robin
  1733 | D:2      | Reached skill level 5 in Earth Magic
  2114 | D:3      | Found a bloodstained altar of Trog.
  2217 | D:3      | Found an ancient bone altar of Kikubaaqudgha.
  2398 | D:3      | Found a glowing golden altar of the Shining One.
  2474 | D:3      | Became a worshipper of Beogh the Shepherd
  2625 | D:3      | Found a faded altar of an unknown god.
  2851 | D:3      | Reached XP level 5. HP: 27/38 MP: 8/8
  3049 | D:3      | Found a shimmering altar of Xom.
  3124 | D:3      | Reached skill level 6 in Earth Magic
  3172 | D:3      | Found Ymyac's Jewellery Shop.
  3348 | D:4      | Reached * piety under Beogh
  3403 | D:4      | Identified the +2 cloak of Resilience {Will+ Str+3 Slay+3}
  3414 | D:4      | Reached skill level 1 in Conjurations
  3494 | D:4      | Identified the +6 scale mail of the Prince of Darkness
                  | {rElec Stlth+}
  3719 | D:4      | Reached XP level 6. HP: 45/45 MP: 3/9
  3834 | D:4      | Noticed Menkaure
  3840 | D:4      | Killed Menkaure
  4051 | D:4      | Noticed Natasha
  4053 | D:4      | Killed Natasha
  4261 | D:4      | Noticed Natasha
  4262 | D:4      | Killed Natasha
  4263 | D:4      | Reached XP level 7. HP: 50/50 MP: 9/12
  4346 | D:4      | Found an ornate altar of the Wu Jian Council.
  4381 | D:4      | Noticed Natasha
  4385 | D:4      | Killed Natasha
  4449 | D:4      | Noticed Sigmund
  4460 | D:5      | Entered Level 5 of the Dungeon
  4462 | D:5      | Noticed Ijyb
  4626 | D:5      | Noticed Edmund
  4626 | D:5      | Noticed a wyvern
  4627 | D:5      | Noticed Blork the orc
  4753 | D:5      | Reached ** piety under Beogh
  4766 | D:5      | Killed a wyvern
  4846 | D:5      | Reached XP level 8. HP: 57/57 MP: 7/15
  4932 | D:5      | Killed Blork the orc
  4933 | D:5      | Reached skill level 5 in Invocations
  5372 | D:5      | Killed Edmund
  5529 | D:5      | Killed Ijyb
  5868 | D:5      | Found a runed translucent gate.
  5870 | D:5      | Found a runed translucent gate.
  5880 | D:5      | Noticed Heh's ghost (novice CoHW)
  5900 | D:5      | Found a runed translucent gate.
  6134 | D:6      | Reached skill level 10 in Invocations
  6142 | D:5      | Reached XP level 9. HP: 55/61 MP: 1/16
  6357 | D:6      | Found a glowing drain.
  6368 | Sewer    | Entered a sewer
  6377 | Sewer    | Reached *** piety under Beogh
  6572 | Sewer    | Reached skill level 7 in Earth Magic
  6763 | D:6      | Identified the +3 dagger of Eternal War {heavy, rF+ Int+2}
  6812 | D:6      | Anointed Spirok the wizard as your apostle
  7184 | D:6      | Noticed Pikel
  7190 | D:6      | Killed Pikel
  7191 | D:6      | Reached skill level 8 in Earth Magic
  7195 | D:6      | Reached skill level 9 in Earth Magic
  7509 | D:6      | Learned a level 4 spell: Brom's Barrelling Boulder
  7625 | D:7      | Found a hazy altar of Hepliaklqana.
  7755 | D:7      | Found a staircase to the Ecumenical Temple.
  7793 | D:7      | Identified the +9 hand axe "Bynn" {flame, rElec rC+ SInv}
  7929 | D:7      | Noticed Bogwik
  7947 | D:7      | Anointed Bogwik the warrior as your apostle
  8338 | D:8      | Reached skill level 10 in Earth Magic
  8449 | D:8      | Reached **** piety under Beogh
  8486 | D:8      | Reached XP level 10. HP: 64/70 MP: 17/17
  8488 | D:8      | Reached skill level 1 in Fighting
  8488 | D:8      | Reached skill level 1 in Armour
  8540 | D:8      | Identified the +6 chain mail of Mirth {rPois Int+2}
  8597 | D:8      | Found a staircase to the Lair.
  8624 | D:8      | Your ally Spirok died
  8628 | D:8      | Reached skill level 5 in Fighting
  8825 | D:8      | Reached skill level 10 in Fighting
  9284 | Lair:1   | Entered Level 1 of the Lair of Beasts
  9402 | Lair:1   | Noticed a torpor snail
  9402 | Lair:1   | Noticed a cane toad
  9406 | Lair:1   | Killed a torpor snail
  9409 | Lair:1   | Reached XP level 11. HP: 70/107 MP: 9/18
  9661 | Lair:1   | Identified the +2 whip of Wyrd {freeze, rC++}
  9789 | Lair:1   | Noticed a lindwurm
  9793 | Lair:1   | Noticed a lindwurm
  9796 | Lair:1   | Killed a lindwurm
  9798 | Lair:1   | Killed a lindwurm
  9799 | Lair:1   | Noticed a lindwurm
  9801 | Lair:1   | Killed a lindwurm
  9939 | Lair:1   | Found a runed translucent door.
 10170 | Lair:1   | Reached skill level 15 in Fighting
 10192 | Lair:1   | Identified the +2 robe of Space {rN+ Will+ Dex+3}
 10192 | Lair:1   | Noticed Hilgar
 10205 | Lair:1   | Anointed Hilgar the wizard as your apostle
 10748 | Lair:1   | Found a blossoming altar of Fedhas.
 10751 | Lair:1   | Noticed an oklob plant
 10753 | Lair:1   | Noticed an oklob plant
 10757 | Lair:1   | Killed an oklob plant
 10760 | Lair:1   | Killed an oklob plant
 10761 | Lair:1   | Reached skill level 5 in Armour
 10980 | Lair:1   | Noticed Ruheem's ghost (journeyman TrFi)
 10993 | Lair:2   | Noticed a harpy
 10993 | Lair:2   | Noticed a seven-headed hydra
 10999 | Lair:2   | Killed a seven-headed hydra
 11000 | Lair:2   | Killed a harpy
 11004 | Lair:2   | Noticed a harpy
 11007 | Lair:2   | Killed a harpy
 11008 | Lair:2   | Reached XP level 12. HP: 84/121 MP: 3/19
 11188 | Lair:2   | Found a staircase to the Shoals.
 11224 | Lair:2   | Reached skill level 10 in Armour
 12150 | Lair:3   | Found a staircase to the Snake Pit.
 12259 | Lair:3   | Found a transporter.
 12259 | Lair:3   | Noticed Orlauf's ghost (journeyman DsGl)
 12290 | Lair:3   | Found a transporter.
 12352 | Lair:3   | Noticed Rupert
 12361 | Lair:3   | Killed Rupert
 12701 | Lair:3   | Reached skill level 5 in Dodging
 13108 | Lair:4   | Reached XP level 13. HP: 81/127 MP: 11/20
 13248 | Lair:4   | Reached skill level 1 in Evocations
 13502 | Lair:4   | Reached ***** piety under Beogh
 13531 | Lair:4   | Reached skill level 5 in Evocations
 13594 | Lair:4   | Identified the +10 dagger of the Holding Genius {flame, rC+
                  | rN+ Int+4}
 13602 | Lair:4   | Anointed Marbork the wizard as your apostle
 14380 | Lair:5   | Entered Level 5 of the Lair of Beasts
 14396 | Lair:5   | Reached skill level 5 in Conjurations
 14490 | Lair:5   | Learned a level 4 spell: Petrify
 14512 | Lair:5   | Found a viscous altar of Jiyva.
 14517 | Lair:5   | Reached skill level 1 in Alchemy
 14519 | Lair:5   | Found a staircase to the Slime Pits.
 14670 | Lair:5   | Was placed under penance by Beogh
 14823 | Lair:5   | Paralysed by a hornet for 3 turns
 15055 | Lair:5   | Noticed Urug
 15074 | Lair:5   | Reached skill level 5 in Alchemy
 15084 | Lair:5   | Killed Urug
 15085 | Lair:5   | Was forgiven by Beogh
 15306 | Lair:5   | Reached XP level 14. HP: 107/135 MP: 16/21
 15315 | Lair:5   | Reached skill level 11 in Earth Magic
 15827 | Lair:5   | Identified the +7 ring mail "Teagofusk" {rCorr Str+2}
 16332 | D:9      | Reached skill level 12 in Earth Magic
 16378 | D:9      | Noticed Joseph
 16386 | D:9      | Killed Joseph
 16446 | D:9      | Noticed Jeremiah
 16467 | D:9      | Killed Jeremiah
 16485 | D:9      | Found an opulent altar of Gozag.
 16543 | D:9      | Found a hide-covered altar of Uskayaw.
 16745 | D:9      | Found a sacrificial altar of Ru.
 16966 | D:10     | Entered Level 10 of the Dungeon
 17594 | D:11     | Your ally Hilgar died
 17605 | D:11     | Reached ****** piety under Beogh
 17606 | D:11     | Reached skill level 13 in Earth Magic
 17654 | D:11     | Your ally Marbork died
 17858 | D:11     | Identified a scroll of acquirement
 17858 | D:11     | Acquired Sif Muna's Precepts of the Tundra and the Swarm
 17910 | D:11     | Learned a level 6 spell: Permafrost Eruption
 17951 | D:11     | Reached skill level 1 in Ice Magic
 18090 | D:11     | Anointed Ortolf the warrior as your apostle
 18487 | D:11     | Noticed Harold
 18496 | D:11     | Killed Harold
 18571 | D:11     | Found a staircase to the Orcish Mines.
 18798 | D:11     | Found a roughly hewn altar of Beogh.
 18821 | Orc:1    | Entered Level 1 of the Orcish Mines
 18825 | Orc:1    | Reached skill level 5 in Ice Magic
 18919 | Orc:2    | Entered Level 2 of the Orcish Mines
 18923 | Orc:2    | Found Caes Uti's Vocational Training.
 18938 | Orc:2    | Your ally Ortolf died
 18940 | Orc:2    | Your ally Bogwik died
 18942 | Orc:2    | Your ally Hilgar died
 18946 | Orc:2    | Reached XP level 15. HP: 71/141 MP: 22/22
 18971 | Orc:2    | Found Ojiehyel's General Store.
 18971 | Orc:2    | Found Kuovua's Antique Weapon Boutique.
 18972 | Orc:2    | Found Tiychuha's Antique Weapon Shop.
 18973 | Orc:2    | Found Quwurph's General Store.
 18984 | Orc:2    | Found a staircase to the Elven Halls.
 19269 | Orc:2    | Found a dark tunnel.
 19277 | Volcano  | Entered a volcano
 19497 | Volcano  | Found a burning altar of Makhleb.
 19921 | Orc:2    | Bought a scroll of enchant armour for 97 gold pieces
 19935 | Orc:2    | Bought a manual of Evocations for 960 gold pieces
 20384 | D:12     | Reached skill level 10 in Ice Magic
 20384 | D:12     | Reached skill level 14 in Earth Magic
 20384 | D:12     | Reached XP level 16. HP: 149/149 MP: 23/23
 20385 | D:12     | Reached XP level 17. HP: 156/156 MP: 24/24
 20513 | D:12     | You fall into a shaft and drop 1 floor!
 21204 | D:13     | Found a gate to the Vaults.
 21326 | D:13     | Found a snail-covered altar of Cheibriados.
 21636 | D:14     | Reached skill level 15 in Earth Magic
 21807 | D:14     | Your ally Hilgar died
 21874 | D:14     | Anointed Oreg the warrior as your apostle
 22373 | D:15     | Entered Level 15 of the Dungeon
 22432 | D:15     | Found a sparkling altar of Nemelex Xobeh.
 23048 | D:15     | Found a staircase to the Depths.
 23642 | Shoals:1 | Entered Level 1 of the Shoals
 23676 | Shoals:1 | Reached skill level 16 in Earth Magic
 23771 | Lair:3   | Killed Orlauf's ghost
 23773 | Lair:3   | Identified the +0 pair of boots of the Game of Kings
                  | {Rampage rF++ Will- rCorr Stlth+}
 23994 | Orc:2    | Bought a staff of cold for 325 gold pieces
 24260 | Shoals:1 | Found Ujykhad's Book Emporium.
 25409 | Shoals:2 | Reached XP level 18. HP: 165/165 MP: 18/25
 26062 | Shoals:3 | Reached skill level 15 in Evocations
 26172 | Shoals:3 | Found a runed translucent door.
 26173 | Shoals:3 | Noticed SkateWitch's ghost (adept MDMo)
 26191 | Shoals:3 | Noticed Donald
 26198 | Shoals:3 | Killed Donald
 26232 | Shoals:3 | Found Yvit Ged's Weapon Shoppe.
 26644 | Shoals:4 | Entered Level 4 of the Shoals
 27308 | Shoals:4 | Your ally Ortolf died
 27310 | Shoals:4 | Your ally Bogwik died
 27311 | Shoals:4 | Your ally Oreg died
 27780 | Shoals:4 | Got a barnacled rune of Zot
 27972 | Shoals:4 | Identified the staff "Kafigauf" {rPois rC+ rCorr Summ
                  | Alchemy}
 28306 | Shoals:1 | Identified the +6 flail of Luxury {flame, rN+ Stlth+}
 28377 | Snake:1  | Entered Level 1 of the Snake Pit
 29610 | Snake:1  | Identified the +4 hand cannon of Fuitzemm {freeze, rF++
                  | Str+2}
 29617 | Snake:1  | Reached skill level 17 in Earth Magic
 29762 | Snake:1  | Reached XP level 19. HP: 168/171 MP: 11/26
 29960 | Snake:1  | Your ally Bogwik died
 30322 | Snake:1  | Noticed Frances
 30325 | Snake:1  | Killed Frances
 30909 | Snake:1  | Your ally Oreg died
 31091 | Snake:2  | Reached skill level 5 in Spellcasting
 31766 | Snake:2  | You fall into a shaft and drop 1 floor!
 31783 | Snake:3  | Noticed Mara
 31799 | Snake:3  | Killed Mara
 32680 | Snake:2  | Learned a level 5 spell: Lee's Rapid Deconstruction
 32680 | Snake:2  | Upgraded the game from 0.32-a0-913-g739538afd8 to
                  | 0.32-a0-918-g0f22ef8d61
 32730 | Snake:3  | Identified the +9 dagger of Anxiety {distort, rN+++ Str+3
                  | Int-3 Dex+3}
 32739 | Snake:3  | Anointed Boldo the wizard as your apostle
 33494 | Snake:4  | Entered Level 4 of the Snake Pit
 33553 | Snake:4  | Identified the serpent talisman "Biama" {Will- Str+7 Dex-4}
 33553 | Snake:4  | Noticed Aizul
 33562 | Snake:4  | Killed Aizul
 34185 | Snake:4  | Your ally Ortolf died
 34194 | Snake:4  | Your ally Boldo died
 34198 | Snake:4  | Your ally Oreg died
 34478 | Snake:4  | Identified the +7 trident of Floods {speed, Dex+3}
 34539 | Snake:4  | Reached skill level 10 in Spellcasting
 35089 | Snake:4  | Learned a level 5 spell: Metabolic Englaciation
 35312 | Snake:4  | Learned a level 6 spell: Sculpt Simulacrum
 35327 | Snake:4  | Reached skill level 1 in Hexes
 35467 | Snake:4  | Got a serpentine rune of Zot
 35795 | Vaults:1 | Entered Level 1 of the Vaults
 35816 | Vaults:1 | Reached XP level 20. HP: 134/179 MP: 13/35
 36057 | Vaults:1 | Noticed Asterion
 36063 | Vaults:1 | Killed Asterion
 36196 | Vaults:1 | Noticed Zenata
 36199 | Vaults:1 | Killed Zenata
 36558 | Vaults:1 | Reached skill level 5 in Hexes
 36674 | Vaults:1 | You fall into a shaft and drop 1 floor!
 36906 | Vaults:2 | Noticed Bai Suzhen
 37293 | Vaults:2 | Found Nizom's Assorted Antiques.
 37301 | Vaults:2 | Bought a clouded amber ring for 130 gold pieces
 37301 | Vaults:2 | Identified the ring "Viladim" {rElec rC- rCorr Str+3} (You
                  | bought it in a shop on level 2 of the Vaults)
 37301 | Vaults:2 | Bought a scroll of enchant armour for 195 gold pieces
 37302 | Vaults:2 | Bought 2 potions of haste for 520 gold pieces
 37589 | Vaults:2 | Killed Bai Suzhen
 38098 | Vaults:2 | Identified the +0 ring mail "Otaddum" {rN+ Stlth+}
 38841 | Vaults:1 | Identified the +2 dagger of the Hawk {elec, Str+3}
 38841 | Vaults:1 | Identified the +0 robe of the Guilds {rPois Will- Slay+2
                  | Stlth+}
 38852 | Vaults:1 | Anointed Murdo the wizard as your apostle
 39329 | Vaults:3 | Found a staircase to the Crypt.
 39476 | Vaults:3 | Reached skill level 10 in Alchemy
 39837 | Vaults:3 | Found Heameufe's Armour Emporium.
 39845 | Vaults:3 | Bought the +2 helmet of the Sky {rF+ rN+} for 490 gold
                  | pieces
 40554 | Vaults:4 | Paralysed by a formless jellyfish for 1 turns
 40633 | Vaults:4 | Reached XP level 21. HP: 185/185 MP: 36/36
 40642 | Vaults:4 | Learned a level 5 spell: Yara's Violent Unravelling
 40737 | Vaults:4 | Reached skill level 1 in Staves
 41162 | Vaults:4 | Found Axkeklar's General Store.
 41215 | Vaults:4 | Bought a scroll of acquirement for 728 gold pieces
 41215 | Vaults:4 | Acquired the +2 pair of gloves of the True Pharaoh {rElec
                  | rCorr}
 41478 | Vaults:4 | Reached skill level 5 in Staves
 42401 | Elf:1    | Entered Level 1 of the Elven Halls
 42555 | Elf:1    | Noticed Roxanne
 42560 | Elf:1    | Killed Roxanne
 42621 | Elf:1    | Identified the +4 falchion "Qosadomo" {freeze, rPois rC++
                  | Str-3}
 42914 | Elf:1    | Identified the +3 great sword "Killer Bee's Doom" {freeze,
                  | rPois rCorr Int-3}
 42923 | Elf:1    | Your ally Boldo died
 43170 | Elf:1    | Found a huge runed translucent gate.
 43170 | Elf:1    | Found a huge runed translucent gate.
 43170 | Elf:1    | Found a huge runed translucent gate.
 43170 | Elf:1    | Found a huge runed translucent gate.
 43171 | Elf:1    | Found a huge runed translucent gate.
 43171 | Elf:1    | Found a huge runed translucent gate.
 43171 | Elf:1    | Found a huge runed translucent gate.
 43171 | Elf:1    | Found a huge runed translucent gate.
 43171 | Elf:1    | Found a huge runed translucent gate.
 43172 | Elf:1    | Found a huge runed translucent gate.
 43172 | Elf:1    | Found a huge runed translucent gate.
 43172 | Elf:1    | Found a huge runed translucent gate.
 43172 | Elf:1    | Found a huge runed translucent gate.
 43172 | Elf:1    | Found a huge runed translucent gate.
 43172 | Elf:1    | Found a huge runed translucent gate.
 43172 | Elf:1    | Found a huge runed translucent gate.
 43173 | Elf:1    | Found a huge runed translucent gate.
 43173 | Elf:1    | Found a huge runed translucent gate.
 43173 | Elf:1    | Found a huge runed translucent gate.
 43173 | Elf:1    | Found a huge runed translucent gate.
 43218 | Elf:1    | Found Guffefy's Jewellery Shop.
 43364 | Elf:1    | Reached skill level 10 in Staves
 44033 | Elf:2    | Shot with an arrow by a deep elf master archer

Illustrated notes

Levels and vault maps discovered:
D:1:      lightli_arrival_maybe_door_vault, layout_loops_corners,
          chequers_serial_rivers_micro_b, hangedman_decor_lopped,
          minmay_pentomino_t2
D:2:      layout_rooms, uniq_robin
D:3:      layout_loops_corners, kiku_gazebo_garden_becter, old_standard_altar,
          lemuel_tele_altar, nicolae_tso_swordbearing_angel,
          shapermc_ecumenical_altar_acropolis, serial_shops, shop,
          minmay_checkerbox
D:4:      layout_loops_ring, pdpol_wu_jian_five_deadly_venoms,
          grunt_ministairs_14, uniq_sigmund, uniq_natasha, uniq_menkaure
D:5:      layout_basic, gammafunk_ghost_nasty_kobolds, uniq_blork_the_orc,
          uniq_ijyb, uniq_edmund
D:6:      layout_cave_pools, cheibrodos_sewer_entry_sluice, uniq_pikel
D:7:      layout_rooms, worldfamousw_hep_ancestral_shrine,
          minmay_temple_entry_sparse_star
D:8:      layout_gridville, minmay_lair_entry_grove, minmay_manual_mares
D:9:      layout_loops_ring, nicolae_ru_path_of_blood,
          mainiacjoe_overflow_concentric_impassable,
          mainiacjoe_overflow_alcove_4, uniq_joseph, uniq_jeremiah
D:10:     layout_small_grid, serial_bayou, serial_bayou_pond_e,
          serial_bayou_pond_e, serial_bayou_pond_c, serial_bayou_pond_a,
          serial_bayou_crossing
D:11:     minmay_the_grid_octo_tiled_squarecenter
          [minmay_the_grid_octo_fat_diamond, minmay_the_grid_octo_chip,
          minmay_the_grid_octo_concentric, minmay_the_grid_octo_teeth,
          minmay_the_grid_square_5x5_megaprize_crossed,
          minmay_the_grid_square_5x5_minimal,
          minmay_the_grid_square_5x5_three_small,
          minmay_the_grid_square_5x5_detours,
          minmay_the_grid_square_5x5_six_small], layout_long_grid,
          minmay_orc_entry_temple_small, kb_rosetta, uniq_harold
D:12:     regret_index_makhleb_lecture_halls, layout_irregular_city,
          uniq_erolcha
D:13:     layout_roguey, hellmonk_vaults_attempted_burglary, cheibriados_altar_1
D:14:     layout_loops_cross, serial_ice, serial_ice_c, serial_ice_b,
          serial_ice_g, serial_ice_e, hangedman_abyss_or_decor_passed
D:15:     hellmonk_depths_entry_around_the_bend, layout_irregular_city,
          nicolae_sextant, serial_park_tiny_pond, nemelex_spade_bored_becter
Lair:1:   layout_cave_pods, ebering_ghost_reflecting_pool,
          hangedman_tree_tricks, nicolae_lair_lindhole, grunt_megastairs_4,
          lemuel_fruit_tree, lemuel_fruit_fields
Lair:2:   layout_regular_city, nicolae_shoals_entry_roost, serial_bayou_shore_a
Lair:3:   layout_loops_ring, dummy_snake_entry,
          gammafunk_ghost_berserking_beasts, grunt_forest_small_clearing_treed,
          uniq_rupert
Lair:4:   lemuel_reptile_caves, layout_small_grid, gammafunk_lair_bear_cave
Lair:5:   minmay_lair_end_enchanted_forest, layout_gridlike,
          minmay_slime_entry_oklob_enclosed, serial_rivers,
          chequers_serial_rivers_small_a, chequers_serial_rivers_micro_c,
          chequers_serial_rivers_small_3, chequers_serial_rivers_micro_d,
          chequers_serial_rivers_large_b, chequers_serial_rivers_small_b,
          grunt_forest_large_clearings, uniq_urug
Shoals:1: layout_shoals, serial_shops, shop
Shoals:2: layout_shoals, nicolae_shoals_water_elemental_grotto
Shoals:3: layout_shoals, serial_shops, nicolae_shop_gibbet_a_chance,
          gammafunk_ghost_grave, nicolae_shoals_hidden_pirate_stash, uniq_donald
Shoals:4: shoals_end_grunt_ice, layout_shoals
Snake:1:  nicolae_snake_shooting_gallery, layout_gridlike,
          nicolae_snake_gridmaze_squiggle, nicolae_snake_magic_snake_eye,
          uniq_frances
Snake:2:  layout_layer_cave
Snake:3:  layout_misc_corridors, grunt_ministairs_10,
          serial_library_hellmonk_hallway_a, uniq_mara
Snake:4:  snake_pit_salamanders_mu, layout_cave_town, uniq_aizul
Orc:1:    layout_caves, serial_shops, nicolae_shop_advertising_works
          [nicolae_subvault_shop_adworks]
Orc:2:    st_orc_open, layout_caves, enter_volcano_3,
          nicolae_orc_hostile_takeover, nicolae_shop_vocational
Elf:1:    nicolae_elf_arrival_fired_up, layout_geoelf_octagon, serial_shops,
          nicolae_shop_gaudy_bauble, hangedman_elf_represent,
          chequers_hall_statues_corner_a, minmay_strange_pillars, uniq_roxanne
Elf:2:    nicolae_elf_blades_splatter_lattice [nicolae_blade_little_rooms],
          layout_loops_corners, nicolae_elf_archery_training,
          grunt_megastairs_2, uniq_norris
Vaults:1: nicolae_vaults_corridor_and_loot_room,
          nicolae_vaults_offset_grid_hallway_2, v_alt_pattern_2,
          nicolae_vaults_wrenched, v_rooms_4, vaults_mumra_chevron,
          nicolae_vaults_tetromino_T_1, vaults_mumra_lcd,
          nicolae_vaults_sightless_eye, grunt_vaults_swirl,
          nicolae_vaults_yaktaur_gun_rack, layout_vaults_ring, uniq_zenata,
          uniq_asterion
Vaults:2: nicolae_vaults_security_offices_2, vaults_room_large_hall, v_misc_18,
          v_alt_pattern_3, v_misc_2, vaults_dpeg_hooks, v_alt_pattern_6,
          vaults_standard_mumra_x, layout_vaults_omnicross, serial_shops, shop,
          uniq_bai_suzhen
Vaults:3: minmay_crypt_entry_simple_plaza, st_cross,
          nicolae_vaults_border_crossing, nicolae_vaults_ring_of_whatevers,
          nicolae_vaults_circle_grid_b, nicolae_vaults_storage_closets_1,
          ontoclasm_vaults_tryst, vaults_mumra_chevron_long,
          nicolae_vaults_two_Ls, nicolae_vaults_trapezoid_layered,
          vaults_room_stairs_pillars, v_alt_pattern_5, layout_vaults_maze,
          serial_shops, shop
Vaults:4: nicolae_vaults_offset_grid_hallway_4, v_misc_17, v_misc_9,
          nicolae_vaults_prndl, nicolae_vaults_heart-shaped_vault, v_misc_11,
          vaults_dpeg_encased_lava, dpeg_vaults_monster_box,
          layout_vaults_omnigrid, serial_shops, nicolae_shop_tiny_waterfront

Skill      XL: |  1  2  3  4  5  6  7  8  9 10 11 12 13 14 15 16 17 18 19 20 21 |
---------------+----------------------------------------------------------------+-----
Spellcasting   | 2 3 4 11 | 11.0
Earth Magic    | 4 5 6 10 13 14 16 17 | 17.6
Conjurations   | 2 4 5 |  5.9
Invocations    | 4 10 | 10.5
Fighting       | 13 15 | 15.6
Armour         | 1 7 11 13 | 13.3
Dodging        | 6 7 |  7.4
Evocations     | 7 11 12 16 | 16.1
Alchemy        | 5 11 | 11.3
Ice Magic      | 7 10 12 13 | 13.8
Hexes          | 2 7 |  7.3
Staves         | 11 | 11.7
Stealth        | |  1.4

Action                     |  1- 3 |  4- 6 |  7- 9 | 10-12 | 13-15 | 16-18 | 19-21 || total
---------------------------+-------+-------+-------+-------+-------+-------+-------++-------
  Melee: Whip              |    21 |    47 |   220 |       |       |       |       ||   288
         Hand axe          |       |       |    21 |   136 |   506 |   205 |       ||   868
         Staff             |       |       |       |       |       |   198 |   282 ||   480
   Cast: Sandblast         |    51 |    75 |    45 |     1 |       |       |       ||   172
         Stone Arrow       |       |     2 |    49 |    10 |    20 |     3 |     4 ||    88
         Brom's Barrelling |       |       |     5 |     6 |    10 |     1 |       ||    22
         Petrify           |       |       |       |       |     8 |       |     1 ||     9
         Permafrost Erupti |       |       |       |       |     2 |   105 |   252 ||   359
         Lee's Rapid Decon |       |       |       |       |       |       |    48 ||    48
         Metabolic Englaci |       |       |       |       |       |       |     4 ||     4
         Sculpt Simulacrum |       |       |       |       |       |       |     1 ||     1
         Yara's Violent Un |       |       |       |       |       |       |     3 ||     3
 Invoke: Convert to Beogh  |       |     1 |       |       |       |       |       ||     1
         Recall Apostles   |       |       |     2 |     7 |     6 |     9 |     6 ||    30
         Recruit Apostle   |       |       |     2 |     1 |     2 |     1 |     2 ||     8
         Smiting           |       |       |       |    15 |     9 |     8 |     9 ||    41
         Dismiss Apostle   |       |       |       |       |     2 |     1 |     2 ||     5
         Blood for Blood   |       |       |       |       |     1 |     1 |     1 ||     3
  Evoke: Wand              |       |       |     2 |     3 |     2 |     1 |       ||     8
         Lightning rod     |       |       |       |       |     6 |     3 |     4 ||    13
         Tin of tremorston |       |       |       |       |     3 |       |       ||     3
         Box of beasts     |       |       |       |       |       |     1 |       ||     1
         Phantom mirror    |       |       |       |       |       |     1 |       ||     1
         Phial of floods   |       |       |       |       |       |       |     1 ||     1
    Use: Scroll            |       |       |     8 |       |    18 |    11 |    11 ||    48
         Potion            |       |       |       |     2 |     7 |     2 |     6 ||    17
   Stab: Distracted        |       |       |       |     3 |     4 |     3 |     4 ||    14
         Confused          |       |       |       |       |     1 |       |       ||     1
         Petrified         |       |       |       |       |    20 |       |       ||    20
         Invisible         |       |       |       |       |     2 |       |       ||     2
         Petrifying        |       |       |       |       |     2 |       |       ||     2
 Armour: Robe              |    20 |     7 |       |       |       |       |       ||    27
         Scale mail        |       |    42 |   317 |   168 |       |       |       ||   527
         Chain mail        |       |       |       |    70 |   713 |   753 |   667 ||  2203
  Dodge: Dodged            |    16 |    28 |   191 |   108 |   482 |   342 |   199 ||  1366

Table legend: (Time is in decaauts)
 A = Elapsed time spent in this place.
 B = Non-inter-level travel time spent in this place.
 C = Inter-level travel time spent in this place.
 D = Time resting spent in this place.
 E = Time spent auto-exploring this place.
 F = Levels seen in this place.
 G = Mean time per level.
                   A        B        C        D        E       F      G
               +--------+--------+--------+--------+--------+-----+--------+
         Total |  44533 |  42089 |   2444 |   5501 |  28960 |  38 | 1171.9 |
       Dungeon |  15597 |  14570 |   1027 |   1137 |  10529 |  15 | 1039.8 |
          Lair |   7570 |   6994 |    576 |   1150 |   4644 |   5 | 1514.0 |
        Shoals |   4286 |   4079 |    207 |    586 |   2733 |   4 | 1071.5 |
     Snake Pit |   7301 |   7156 |    145 |   1571 |   4491 |   4 | 1825.2 |
  Orcish Mines |    803 |    702 |    101 |      0 |    435 |   2 |  401.5 |
   Elven Halls |   1594 |   1544 |     50 |      0 |   1319 |   2 |  797.0 |
        Vaults |   6530 |   6194 |    336 |    814 |   4631 |   4 | 1632.5 |
         Sewer |    426 |    426 |      0 |     73 |    127 |   1 |  426.0 |
       Volcano |    424 |    424 |      0 |    170 |     49 |   1 |  424.0 |
               +--------+--------+--------+--------+--------+-----+--------+

Top non-repeatable levels by time:
 Snake:1: 2739 daAuts
  Lair:1: 2100 daAuts
 Snake:4: 2095 daAuts
  Lair:5: 1878 daAuts
Vaults:2: 1818 daAuts
Vaults:1: 1720 daAuts
Vaults:4: 1606 daAuts
   Elf:1: 1559 daAuts
Shoals:4: 1546 daAuts
     D:5: 1530 daAuts
    D:11: 1430 daAuts
     D:4: 1410 daAuts
Vaults:3: 1386 daAuts
 Snake:2: 1363 daAuts
  Lair:4: 1346 daAuts

Levels and vault maps discovered:
D:1:      lightli_arrival_maybe_door_vault, layout_loops_corners,
          chequers_serial_rivers_micro_b, hangedman_decor_lopped,
          minmay_pentomino_t2
D:2:      layout_rooms, uniq_robin
D:3:      layout_loops_corners, kiku_gazebo_garden_becter, old_standard_altar,
          lemuel_tele_altar, nicolae_tso_swordbearing_angel,
          shapermc_ecumenical_altar_acropolis, serial_shops, shop,
          minmay_checkerbox
D:4:      layout_loops_ring, pdpol_wu_jian_five_deadly_venoms,
          grunt_ministairs_14, uniq_sigmund, uniq_natasha, uniq_menkaure
D:5:      layout_basic, gammafunk_ghost_nasty_kobolds, uniq_blork_the_orc,
          uniq_ijyb, uniq_edmund
D:6:      layout_cave_pools, cheibrodos_sewer_entry_sluice, uniq_pikel
D:7:      layout_rooms, worldfamousw_hep_ancestral_shrine,
          minmay_temple_entry_sparse_star
D:8:      layout_gridville, minmay_lair_entry_grove, minmay_manual_mares
D:9:      layout_loops_ring, nicolae_ru_path_of_blood,
          mainiacjoe_overflow_concentric_impassable,
          mainiacjoe_overflow_alcove_4, uniq_joseph, uniq_jeremiah
D:10:     layout_small_grid, serial_bayou, serial_bayou_pond_e,
          serial_bayou_pond_e, serial_bayou_pond_c, serial_bayou_pond_a,
          serial_bayou_crossing
D:11:     minmay_the_grid_octo_tiled_squarecenter
          [minmay_the_grid_octo_fat_diamond, minmay_the_grid_octo_chip,
          minmay_the_grid_octo_concentric, minmay_the_grid_octo_teeth,
          minmay_the_grid_square_5x5_megaprize_crossed,
          minmay_the_grid_square_5x5_minimal,
          minmay_the_grid_square_5x5_three_small,
          minmay_the_grid_square_5x5_detours,
          minmay_the_grid_square_5x5_six_small], layout_long_grid,
          minmay_orc_entry_temple_small, kb_rosetta, uniq_harold
D:12:     regret_index_makhleb_lecture_halls, layout_irregular_city,
          uniq_erolcha
D:13:     layout_roguey, hellmonk_vaults_attempted_burglary, cheibriados_altar_1
D:14:     layout_loops_cross, serial_ice, serial_ice_c, serial_ice_b,
          serial_ice_g, serial_ice_e, hangedman_abyss_or_decor_passed
D:15:     hellmonk_depths_entry_around_the_bend, layout_irregular_city,
          nicolae_sextant, serial_park_tiny_pond, nemelex_spade_bored_becter
Lair:1:   layout_cave_pods, ebering_ghost_reflecting_pool,
          hangedman_tree_tricks, nicolae_lair_lindhole, grunt_megastairs_4,
          lemuel_fruit_tree, lemuel_fruit_fields
Lair:2:   layout_regular_city, nicolae_shoals_entry_roost, serial_bayou_shore_a
Lair:3:   layout_loops_ring, dummy_snake_entry,
          gammafunk_ghost_berserking_beasts, grunt_forest_small_clearing_treed,
          uniq_rupert
Lair:4:   lemuel_reptile_caves, layout_small_grid, gammafunk_lair_bear_cave
Lair:5:   minmay_lair_end_enchanted_forest, layout_gridlike,
          minmay_slime_entry_oklob_enclosed, serial_rivers,
          chequers_serial_rivers_small_a, chequers_serial_rivers_micro_c,
          chequers_serial_rivers_small_3, chequers_serial_rivers_micro_d,
          chequers_serial_rivers_large_b, chequers_serial_rivers_small_b,
          grunt_forest_large_clearings, uniq_urug
Shoals:1: layout_shoals, serial_shops, shop
Shoals:2: layout_shoals, nicolae_shoals_water_elemental_grotto
Shoals:3: layout_shoals, serial_shops, nicolae_shop_gibbet_a_chance,
          gammafunk_ghost_grave, nicolae_shoals_hidden_pirate_stash, uniq_donald
Shoals:4: shoals_end_grunt_ice, layout_shoals
Snake:1:  nicolae_snake_shooting_gallery, layout_gridlike,
          nicolae_snake_gridmaze_squiggle, nicolae_snake_magic_snake_eye,
          uniq_frances
Snake:2:  layout_layer_cave
Snake:3:  layout_misc_corridors, grunt_ministairs_10,
          serial_library_hellmonk_hallway_a, uniq_mara
Snake:4:  snake_pit_salamanders_mu, layout_cave_town, uniq_aizul
Orc:1:    layout_caves, serial_shops, nicolae_shop_advertising_works
          [nicolae_subvault_shop_adworks]
Orc:2:    st_orc_open, layout_caves, enter_volcano_3,
          nicolae_orc_hostile_takeover, nicolae_shop_vocational
Elf:1:    nicolae_elf_arrival_fired_up, layout_geoelf_octagon, serial_shops,
          nicolae_shop_gaudy_bauble, hangedman_elf_represent,
          chequers_hall_statues_corner_a, minmay_strange_pillars, uniq_roxanne
Elf:2:    nicolae_elf_blades_splatter_lattice [nicolae_blade_little_rooms],
          layout_loops_corners, nicolae_elf_archery_training,
          grunt_megastairs_2, uniq_norris
Vaults:1: nicolae_vaults_corridor_and_loot_room,
          nicolae_vaults_offset_grid_hallway_2, v_alt_pattern_2,
          nicolae_vaults_wrenched, v_rooms_4, vaults_mumra_chevron,
          nicolae_vaults_tetromino_T_1, vaults_mumra_lcd,
          nicolae_vaults_sightless_eye, grunt_vaults_swirl,
          nicolae_vaults_yaktaur_gun_rack, layout_vaults_ring, uniq_zenata,
          uniq_asterion
Vaults:2: nicolae_vaults_security_offices_2, vaults_room_large_hall, v_misc_18,
          v_alt_pattern_3, v_misc_2, vaults_dpeg_hooks, v_alt_pattern_6,
          vaults_standard_mumra_x, layout_vaults_omnicross, serial_shops, shop,
          uniq_bai_suzhen
Vaults:3: minmay_crypt_entry_simple_plaza, st_cross,
          nicolae_vaults_border_crossing, nicolae_vaults_ring_of_whatevers,
          nicolae_vaults_circle_grid_b, nicolae_vaults_storage_closets_1,
          ontoclasm_vaults_tryst, vaults_mumra_chevron_long,
          nicolae_vaults_two_Ls, nicolae_vaults_trapezoid_layered,
          vaults_room_stairs_pillars, v_alt_pattern_5, layout_vaults_maze,
          serial_shops, shop
Vaults:4: nicolae_vaults_offset_grid_hallway_4, v_misc_17, v_misc_9,
          nicolae_vaults_prndl, nicolae_vaults_heart-shaped_vault, v_misc_11,
          vaults_dpeg_encased_lava, dpeg_vaults_monster_box,
          layout_vaults_omnigrid, serial_shops, nicolae_shop_tiny_waterfront

Table legend: (Time is in decaauts)
 A = Elapsed time spent in this place.
 B = Non-inter-level travel time spent in this place.
 C = Inter-level travel time spent in this place.
 D = Time resting spent in this place.
 E = Time spent auto-exploring this place.
 F = Levels seen in this place.
 G = Mean time per level.
                   A        B        C        D        E       F      G
               +--------+--------+--------+--------+--------+-----+--------+
         Total |  44533 |  42089 |   2444 |   5501 |  28960 |  38 | 1171.9 |
       Dungeon |  15597 |  14570 |   1027 |   1137 |  10529 |  15 | 1039.8 |
          Lair |   7570 |   6994 |    576 |   1150 |   4644 |   5 | 1514.0 |
        Shoals |   4286 |   4079 |    207 |    586 |   2733 |   4 | 1071.5 |
     Snake Pit |   7301 |   7156 |    145 |   1571 |   4491 |   4 | 1825.2 |
  Orcish Mines |    803 |    702 |    101 |      0 |    435 |   2 |  401.5 |
   Elven Halls |   1594 |   1544 |     50 |      0 |   1319 |   2 |  797.0 |
        Vaults |   6530 |   6194 |    336 |    814 |   4631 |   4 | 1632.5 |
         Sewer |    426 |    426 |      0 |     73 |    127 |   1 |  426.0 |
       Volcano |    424 |    424 |      0 |    170 |     49 |   1 |  424.0 |
               +--------+--------+--------+--------+--------+-----+--------+

Top non-repeatable levels by time:
 Snake:1: 2739 daAuts
  Lair:1: 2100 daAuts
 Snake:4: 2095 daAuts
  Lair:5: 1878 daAuts
Vaults:2: 1818 daAuts
Vaults:1: 1720 daAuts
Vaults:4: 1606 daAuts
   Elf:1: 1559 daAuts
Shoals:4: 1546 daAuts
     D:5: 1530 daAuts
    D:11: 1430 daAuts
     D:4: 1410 daAuts
Vaults:3: 1386 daAuts
 Snake:2: 1363 daAuts
  Lair:4: 1346 daAuts

Table legend:
 A = Kills in this place as a percentage of kills in the entire game.
 B = Kills by you in this place as a percentage of kills by you in the entire game.
 C = Kills by friends in this place as a percentage of kills by friends in the entire game.
 D = Other kills in this place as a percentage of other kills in the entire game.
 E = Experience gained in this place as a percentage of experience gained in the entire game.
 F = Experience gained in this place divided by the number of levels of this place that you have seen.
                   A       B       C       D       E      F
               +-------+-------+-------+-------+-------+----------------------
         Total | 100.0 | 100.0 | 100.0 | 100.0 | 100.0 | 14245.9
       Dungeon |  30.2 |  31.7 |  26.9 | 100.0 |  13.3 | 4787.1
          Lair |  18.5 |  11.1 |  32.7 |   0.0 |  12.0 | 12960.2
        Shoals |   8.9 |   7.1 |  12.2 |   0.0 |  12.2 | 16515.2
     Snake Pit |  16.0 |  20.7 |   6.9 |   0.0 |  23.5 | 31748.5
  Orcish Mines |   4.4 |   4.2 |   4.7 |   0.0 |   3.3 | 8975.5
   Elven Halls |   4.7 |   4.6 |   4.9 |   0.0 |   8.0 | 21566.5
        Vaults |  15.3 |  17.2 |  11.6 |   0.0 |  26.9 | 36396.8
         Sewer |   1.6 |   2.4 |   0.0 |   0.0 |   0.1 | 287.0
       Volcano |   0.6 |   0.9 |   0.0 |   0.0 |   0.9 | 4723.0
               +-------+-------+-------+-------+-------+----------------------
